AoeStats
← 78.

Arena

504595148Analyzed
1v1 RM · 27d ago on Sep 5, 2026· 20m 14s· 2 players
Game mode
Random Map
Map size
Tiny (2 player)
Population
200
Speed
Normal
Resources
Standard
Victory
Conquest
Starting age
Dark Age
Ending age
Imperial Age
RankedLock teamsTeams togetherTeam positionsShared explorationLock speedFull tech treeHidden civsTurbo modeCheats
Victory
Defeat
🇧🇴 Burmese · Bolivia
993
+17
🇹🇷 Turks · Türkiye
1012
-17
reduccionista
11:03 Feudal Age
14:42 Castle Age
14:07 Man-at-Arms
16:23 Scale Mail Armor
17:26 Long Swordsman
19:06 Arson
19:55 Gambesons
78.
9:31 Loom
11:47 Feudal Age
15:38 Castle Age
14:06 Double-Bit Axe
14:14 Gold Mining
15:36 Horse Collar
17:17 Bow Saw
17:47 Gold Shaft Mining
Connection lost

Rejoining the realm…

Still unreachable

The connection could not be restored.

Session expired

The server has moved on; the page needs a fresh start.